 Dungeon Crawl Stone Soup version 0.17-a0-1849-g8a24fa2 (webtiles) character file.

116154 Geeful the Brawler (level 17, -8/133 HPs)
             Began as a Human Wanderer on Sept 18, 2015.
             Was the Champion of Makhleb.
             Killed from afar by Roxanne (74 damage)
             ... with a crystal spear
             ... on level 14 of the Dungeon.
             The game lasted 03:14:49 (42419 turns).

Geeful the Brawler (Human Wanderer)                Turns: 42419, Time: 03:14:49

Health: -8/133     AC: 25    Str: 22    XL:     17   Next: 25%
Magic:  37/37      EV: 22    Int: 10    God:    Makhleb [******]
Gold:   1281       SH:  0    Dex: 14    Spells: 0 memorised, 16 levels left

rFire  + . .     SeeInvis +       - Unarmed
rCold  + . .     Clarity  .     a - +1 pearl dragon armour of Qifejob {rC+ rN+ MP+9 Str+4}
rNeg   + . .     SustAt   .     (no shield)
rPois  .         Gourm    .     K - +0 helmet
rElec  .         Spirit   .     I - +1 cloak {MR+}
rCorr  .         Warding  .     L - +2 pair of gloves of Compression {rF+ MR++ Int-3 Stlth-}
rMut   +         Stasis   .     y - +0 pair of boots (curse)
MR     ++++.                    S - amulet of resist mutation
Stlth  ..........               r - ring of see invisible
                                s - +6 ring of evasion

@: incredibly resistant to hostile enchantments, extremely unstealthy
A: spit poison 1
a: Spit Poison, Minor Destruction, Lesser Servant of Makhleb, Major Destruction,
Greater Servant of Makhleb, Renounce Religion


You were on level 14 of the Dungeon.
You worshipped Makhleb.
Makhleb was exalted by your worship.
You were full.

You visited 4 branches of the dungeon, and saw 27 of its levels.
You visited 1 bazaar.
You also visited: Ossuary, Bailey and Volcano.

You collected 3343 gold pieces.
You spent 2062 gold pieces at shops.

Inventory:

Hand weapons
 b - a +2 blowgun
Missiles
 c - 9 javelins (quivered)
 w - 85 poisoned needles
 V - 5 curare-tipped needles
Armour
 a - the +1 pearl dragon armour of Qifejob (worn) {rC+ rN+ MP+9 Str+4}
   (You found it on level 8 of the Lair of Beasts)

   It affects your strength (+4).
   It protects you from cold.
   It protects you from negative energy.
   It affects your magic capacity (+9).
 y - a cursed +0 pair of boots (worn)
 I - a +1 cloak of magic resistance (worn)
 K - a +0 helmet (worn)
 L - the +2 pair of gloves of Compression (worn) {rF+ MR++ Int-3 Stlth-}
   (You acquired it in a bazaar)

   It affects your intelligence (-3).
   It protects you from fire.
   It affects your resistance to hostile enchantments.
   It makes you less stealthy.
Jewellery
 e - an uncursed ring of teleportation
 r - a ring of see invisible (right hand)
 s - a +6 ring of evasion (left hand)
 A - an uncursed amulet of stasis
 J - an uncursed ring of flight
 S - an amulet of resist mutation (around neck)
 W - an uncursed ring of protection from magic
Magical devices
 g - a wand of draining (3)
 h - a wand of heal wounds (5)
 i - a wand of teleportation (3)
 E - a wand of slowing (21)
Scrolls
 f - 5 scrolls of fear
 k - 4 scrolls of blinking
 l - 2 scrolls of enchant armour
 m - 4 scrolls of fog
 o - a scroll of holy word
 p - 4 scrolls of recharging
 v - 6 scrolls of teleportation
 z - 7 scrolls of remove curse
 N - 3 scrolls of identify
 O - 2 scrolls of enchant weapon
 Q - 3 scrolls of amnesia
 T - a scroll of magic mapping
Potions
 j - 2 potions of invisibility
 q - 2 potions of brilliance
 t - 7 potions of flight
 u - 5 potions of magic
 x - 8 potions of curing
 B - 3 potions of lignification
 D - a potion of haste
 F - 3 potions of resistance
 G - 6 potions of agility
 M - a potion of berserk rage
 U - 4 potions of might
 X - 2 potions of heal wounds
 Y - 2 potions of cancellation
Books
 H - a Necronomicon

   Spells                             Type                      Level
   a - Haunt                          Necromancy/Summoning         7
   b - Borgnjor's Revivification      Necromancy                   8
   c - Death's Door                   Charms/Necromancy            8
   d - Necromutation                  Transmutation/Necromancy     8
 P - a book of Battle

   Spells                             Type                      Level
   a - Infusion                       Charms                       1
   b - Shroud of Golubria             Charms/Translocation         2
   c - Song of Slaying                Charms                       2
   d - Spectral Weapon                Hexes/Charms                 3
   e - Regeneration                   Charms/Necromancy            3
Comestibles
 d - 7 bread rations
 n - 10 fruits
 C - 13 royal jellies
 R - 9 meat rations


   Skills:
 - Level 11.7 Fighting
   Level 1.0 Maces & Flails
   Level 1.4 Polearms
 - Level 11.8 Armour
 - Level 11.8 Dodging
 * Level 15.1 Unarmed Combat
 + Level 14.9 Invocations
 - Level 2.0 Evocations


You had 16 spell levels left.
You didn't know any spells.

Dungeon Overview and Level Annotations

Branches:
Dungeon (14/15)            Temple (1/1) D:5            Lair (8/8) D:11
 Shoals (0/4) Lair:4        Snake (0/4) Lair:6        Slime (0/6) Lair:7
    Orc (4/4) D:10            Elf (0/3) Orc:3        Vaults (0/5) D:13

Altars:
Ashenzari
Cheibriados
Dithmenos
Elyvilon
Fedhas
Gozag
Kikubaaqudgha
Makhleb
Nemelex Xobeh
Okawaru
Qazlal
Ru
Sif Muna
Trog
Vehumet
Xom
Yredelemnul
Zin
The Shining One
Beogh
Jiyva

Shops:
D:6 (*   D:11 *   Orc:3 ?   Orc:4 !?*[

Annotations:
D:13 1 runed door, exclusion: orange crystal statue
D:14 exclusion: Roxanne, Roxanne


Innate Abilities, Weirdness & Mutations

You can spit weak poison.


Message History

Roxanne is heavily damaged.
Use which ability?
A demon appears!
You feel somewhat less full.
You punch Roxanne!
Roxanne is heavily damaged.
You punch Roxanne!
Roxanne is heavily damaged.
Your balrug hits Roxanne with a demon whip of venom!!
Roxanne is engulfed in flames.
Roxanne resists.
You hit Roxanne but do no damage.
Roxanne is severely damaged.
Your balrug hits Roxanne with a demon whip of venom.
Roxanne is engulfed in flames.
Roxanne resists.
You hit Roxanne but do no damage.
Roxanne is severely damaged.
Your balrug hits Roxanne but does no damage.
Roxanne mumbles some strange words.
The crystal spear hits you!
Ouch! That really hurt!
You die...

......#.......#
##......####.<#
###..#[## #..#
.......#####..#
###...........#####
#..#............#
#..#.#####.##..2#
#..#.# #.##.8.# #
#..#.# #.##.@.# #
#..#.#####.####.####
#
#..<.......<.......#
#
#..#.#.########.##.#
# ##.#.#)# #.##.# #
#(#.#.# #.##.# #
#.#.#.# #.##.# #
#.#.#.########.##.#
#
#.#............##.#


You could see Roxanne and a friendly balrug.

Vanquished Creatures
  Frances (D:14)
  Maud (D:14)
  Snorg (Orc:3)
  Erolcha (D:9)
  Harold (D:11)
  7 hydras
  Erica (D:10)
  2 centaur warriors (D:14)
  13 death yaks
  A queen ant (Lair:2)
  A hell knight (Volcano)
  3 orc high priests
  4 unseen horrors
  2 orc knights
  The ghost of Espgualade the Ducker, an experienced TeIE of Vehumet (D:7)
  5 hill giants
  2 griffons
  An elephant (Lair:6)
  An oklob plant (Lair:7)
  4 ugly things (D:14)
  A centaur zombie (D:14)
  8 black mambas
  Psyche (D:11)
  2 gargoyles
  2 centaur skeletons
  2 kobold demonologists
  19 spiny frogs
  3 fire drakes (Lair:4)
  A red devil (Volcano)
  A giant leech (Lair:8)
  10 komodo dragons
  3 polar bears
  38 blink frogs
  4 two-headed ogres
  A slime creature (D:14)
  7 trolls
  A boulder beetle (Lair:7)
  A vampire (D:12)
  2 trapdoor spiders
  Sigmund (D:4)
  2 wraiths
  4 basilisks
  30 yaks
  2 hungry ghosts (D:13)
  2 wyverns
  Grum (D:11)
  11 hippogriffs
  10 vampire mosquitoes
  2 wargs (Orc:2)
  29 water moccasins
  24 wolves
  3 steam dragons
  17 soldier ants
  4 ice beasts
  16 porcupines
  Duvessa (D:7)
  A wasp (D:8)
  3 black bears
  4 sky beasts
  2 spiders (D:8)
  2 hell hounds (Volcano)
  3 phantoms
  33 orc warriors
  16 centaurs
  8 ogres
  8 crocodiles
  7 big kobolds
  A gnoll sergeant (D:4)
  42 giant frogs
  Dowan (D:7)
  5 scorpions
  A wyvern skeleton (D:6)
  6 killer bees
  8 electric eels
  5 crimson imps
  A quasit (D:6)
  9 hounds
  6 jellies
  34 orc priests
  3 giant frog skeletons
  7 iguanas
  47 orc wizards
  46 worker ants
  49 sheep
  A big kobold zombie (Ossuary)
  8 mummies (Ossuary)
  A hound skeleton (D:6)
  A hound zombie (D:9)
  16 gnolls
  9 adders
  25 river rats
  2 shadow imps
  2 oozes
  An adder zombie (D:4)
  2 adder skeletons
  A worm (D:2)
  6 giant geckos
  217 orcs
  4 ball pythons
  5 bats
  A gnoll zombie (Ossuary)
  9 goblins
  9 hobgoblins
  9 jackals
  5 quokkas
  13 giant cockroaches
  A giant gecko zombie (D:6)
  4 giant newts
  4 hobgoblin zombies (Ossuary)
  43 kobolds
  2 orc zombies (Ossuary)
  A quokka skeleton (D:4)
  11 rats
  A bush (Lair:4)
  3 fungi
  A plant (Lair:7)
1095 creatures vanquished.

Vanquished Creatures (collateral kills)
  Rupert (D:14)
  A hydra (Lair:5)
  4 death yaks (Lair:6)
  Sonja (D:14)
  A toenail golem (Volcano)
  A black mamba (Lair:6)
  5 slime creatures (D:14)
  A wyvern (Lair:6)
  5 yaks
  3 wolves (Lair:4)
  An orc warrior (Bailey)
  A water moccasin (Lair:6)
  An ogre (D:14)
  A crocodile (Lair:6)
  A giant frog skeleton (D:8)
  3 sheep (Lair:4)
  3 river rats (Lair:6)
  A shadow imp (D:14)
  8 orcs (Orc:3)
  A goblin (Bailey)
  A hobgoblin (Bailey)
45 creatures vanquished.

Vanquished Creatures (others)
  A crimson imp (D:5)
  An electric eel (Lair:7)
  A worker ant (D:5)
  An adder (D:5)
  A worm (D:5)
  An orc (Orc:3)
  A jackal (D:5)
  A kobold (D:7)
  A giant cockroach (D:5)
  61 fungi
  64 plants
134 creatures vanquished.

Grand Total: 1274 creatures vanquished

Notes
Turn   | Place    | Note
--------------------------------------------------------------
     0 | D:1      | Geeful the Human Wanderer began the quest for the Orb.
     0 | D:1      | Geeful set off with: a +2 spear, a scroll of teleportation, a +0 ring mail, a bread ration
     0 | D:1      | Reached XP level 1. HP: 16/16 MP: 2/2
   134 | D:1      | Reached XP level 2. HP: 15/22 MP: 3/3
   572 | D:2      | Found a sacrificial altar of Ru.
   589 | D:2      | Reached skill level 1 in Unarmed Combat
   592 | D:2      | Reached XP level 3. HP: 24/28 MP: 4/4
   610 | D:2      | Reached XP level 4. HP: 27/34 MP: 5/5
  1270 | D:2      | Reached XP level 5. HP: 39/39 MP: 6/6
  1689 | D:2      | Reached skill level 4 in Unarmed Combat
  1876 | D:3      | Found a faded altar to an unknown god.
  2067 | D:3      | Reached XP level 6. HP: 41/45 MP: 7/7
  2412 | D:3      | Reached skill level 5 in Unarmed Combat
  2570 | D:3      | Found a sparkling altar of Nemelex Xobeh.
  3080 | D:4      | Noticed Sigmund
  3094 | D:4      | Killed Sigmund
  3094 | D:4      | Reached skill level 6 in Unarmed Combat
  3094 | D:4      | Reached XP level 7. HP: 40/51 MP: 8/8
  3131 | D:4      | Reached skill level 7 in Unarmed Combat
  3191 | D:4      | Got an ebony flail
  3192 | D:4      | Identified the +5 flail of Dymp {freeze, Int+2} (You found it on level 4 of the Dungeon)
  3286 | D:4      | Found a bloodstained altar of Trog.
  3554 | D:4      | Reached XP level 8. HP: 57/57 MP: 9/9
  3892 | D:5      | Entered Level 5 of the Dungeon
  3988 | D:5      | Reached skill level 8 in Unarmed Combat
  4306 | D:5      | Found a shimmering altar of Xom.
  4654 | D:5      | Reached skill level 9 in Unarmed Combat
  4660 | D:5      | Found a glowing golden altar of the Shining One.
  4661 | D:5      | Found a deep blue altar of Sif Muna.
  4740 | D:5      | You fall through a shaft for 2 floors!
  4853 | D:7      | Noticed Espgualade's ghost (experienced TeIE)
  5382 | D:5      | Reached skill level 10 in Unarmed Combat
  5627 | D:5      | Reached XP level 9. HP: 36/62 MP: 10/10
  6306 | D:5      | Found a staircase to the Ecumenical Temple.
  6358 | Temple   | Entered the Ecumenical Temple
  6402 | Temple   | Became a worshipper of Makhleb the Destroyer
  6540 | D:6      | Found Torupouch's Weapon Emporium.
  7152 | D:6      | Found a snail-covered altar of Cheibriados.
  7657 | D:6      | Reached skill level 5 in Armour
  7971 | D:6      | Acquired Makhleb's first power
  8058 | D:6      | Found Zavull's Assorted Antiques.
  8793 | D:7      | Reached skill level 5 in Dodging
  8980 | D:7      | Noticed Duvessa
  8983 | D:7      | Noticed Dowan
  9011 | D:7      | Killed Duvessa
  9018 | D:7      | Killed Dowan
  9018 | D:7      | Reached XP level 10. HP: 64/68 MP: 11/11
  9241 | D:7      | Found an opulent altar of Gozag.
  9745 | D:7      | Killed Espgualade's ghost
  9973 | D:8      | Found a sand-covered staircase.
  9982 | Ossuary  | Entered an ossuary
 10328 | Ossuary  | Acquired Makhleb's second power
 10716 | D:8      | Found a stormy altar of Qazlal.
 12171 | D:9      | Reached XP level 11. HP: 71/73 MP: 12/12
 12273 | D:9      | Noticed Erolcha
 12317 | D:9      | Paralysed by Erolcha for 4 turns
 12335 | D:9      | Paralysed by Erolcha for 5 turns
 12344 | D:9      | Killed Erolcha
 12755 | D:9      | Acquired Makhleb's third power
 12975 | D:6      | Bought 2 golden potions for 54 gold pieces
 13142 | D:10     | Entered Level 10 of the Dungeon
 13612 | D:10     | Reached skill level 10 in Armour
 13657 | D:10     | Acquired Makhleb's fourth power
 13831 | D:10     | Noticed a hill giant
 13888 | D:10     | Killed a hill giant
 13910 | D:10     | Noticed Erica
 13960 | D:10     | Killed Erica
 13960 | D:10     | Reached skill level 10 in Dodging
 14494 | D:10     | Noticed an unseen horror
 14507 | D:10     | Killed an unseen horror
 14613 | D:10     | Found a staircase to the Orcish Mines.
 14837 | D:11     | Reached XP level 12. HP: 38/79 MP: 13/13
 14885 | D:11     | Reached skill level 11 in Armour
 15041 | D:11     | Noticed Psyche
 15056 | D:11     | Killed Psyche
 15066 | D:11     | Acquired Makhleb's fifth power
 15198 | D:11     | Noticed Grum
 15231 | D:11     | Killed Grum
 15413 | D:11     | Noticed Harold
 15454 | D:11     | Killed Harold
 16487 | D:11     | Found a staircase to the Lair.
 16780 | D:11     | Found Pecimoil's General Store.
 17061 | D:12     | Reached skill level 1 in Invocations
 18235 | Lair:1   | Entered Level 1 of the Lair of Beasts
 20132 | Lair:2   | Reached skill level 5 in Fighting
 20132 | Lair:2   | Reached XP level 13. HP: 89/91 MP: 16/16
 20140 | Lair:2   | Noticed a queen ant
 20161 | Lair:2   | Killed a queen ant
 20161 | Lair:2   | Reached skill level 5 in Invocations
 20765 | Lair:2   | Noticed a five-headed hydra
 20805 | Lair:2   | Killed a five-headed hydra
 21414 | Lair:3   | Identified a scroll of acquirement
 21588 | Lair:3   | You fall through a shaft for 2 floors!
 24475 | Lair:4   | Reached XP level 14. HP: 100/108 MP: 21/21
 25489 | Lair:4   | Found a staircase to the Shoals.
 25641 | Lair:4   | Reached skill level 10 in Invocations
 25966 | Lair:4   | Reached skill level 10 in Fighting
 25966 | Lair:4   | Reached XP level 15. HP: 113/117 MP: 21/23
 27413 | Lair:5   | Reached skill level 12 in Invocations
 28405 | Lair:6   | Found a staircase to the Snake Pit.
 29459 | Lair:5   | Reached skill level 13 in Invocations
 30228 | Lair:7   | Found a staircase to the Slime Pits.
 30233 | Lair:7   | Found a viscous altar of Jiyva.
 30753 | Lair:7   | Reached XP level 16. HP: 127/127 MP: 25/25
 31283 | Lair:8   | Entered Level 8 of the Lair of Beasts
 34690 | Lair:8   | Gained mutation: You can spit weak poison. [potion of beneficial mutation]
 34693 | Lair:8   | Got a smoking pearl dragon armour
 34705 | Lair:8   | Identified the +1 pearl dragon armour of Qifejob {rC+ rN+ MP+9 Str+4} (You found it on level 8 of the Lair of Beasts)
 34719 | Lair:8   | Got a bloodstained chain mail
 34734 | Lair:8   | Identified the +6 chain mail of the Land of Plenty {*Drain Str+2 SInv} (You found it on level 8 of the Lair of Beasts)
 35123 | Orc:1    | Entered Level 1 of the Orcish Mines
 35476 | Orc:2    | Found a flagged portal.
 35535 | Bailey   | Entered a bailey
 36341 | Orc:3    | Found a staircase to the Elven Halls.
 36346 | Orc:3    | Found a roughly hewn altar of Beogh.
 36359 | Orc:3    | Found Wuumyri's Magic Scroll Boutique.
 36368 | Orc:3    | Noticed Snorg
 36411 | Orc:3    | Killed Snorg
 36908 | Orc:2    | Noticed an Executioner
 36914 | Orc:2    | HP: 5/127 [orc warrior/glaive[an orc knight] (2)]
 37458 | Orc:2    | Reached skill level 14 in Invocations
 37501 | Orc:2    | Found a roughly hewn altar of Beogh.
 37638 | Orc:4    | Entered Level 4 of the Orcish Mines
 37655 | Orc:4    | Found a dark tunnel.
 37798 | Orc:4    | Found a flickering gateway to a bazaar.
 37805 | Bazaar   | Entered a bazaar
 37805 | Bazaar   | Found Tol Ekei's Antique Armour Boutique.
 37805 | Bazaar   | Found Wiakk's Weapon Shop.
 37805 | Bazaar   | Found Zaozux's Magic Scroll Shoppe.
 37807 | Bazaar   | Found Gunolimu's Assorted Antiques.
 37891 | Bazaar   | Bought 3 scrolls of teleportation for 198 gold pieces
 37891 | Bazaar   | Bought an ivory wand for 88 gold pieces
 37893 | Bazaar   | Bought a scroll of identify for 44 gold pieces
 37906 | Bazaar   | Bought a scroll of identify for 24 gold pieces
 37906 | Bazaar   | Bought a scroll of acquirement for 624 gold pieces
 37914 | Bazaar   | Got a pair of heavily runed gloves
 37925 | Bazaar   | Identified the +2 pair of gloves of Compression {rF+ MR++ Int-3 Stlth-} (You acquired it in a bazaar)
 38051 | Volcano  | Entered a volcano
 38576 | Orc:4    | Found a roughly hewn altar of Beogh.
 39832 | Orc:4    | Found Gesseusch's Armour Boutique.
 39833 | Orc:4    | Found Gaxtot's Magic Scroll Shop.
 39839 | Orc:4    | Found Pusem's General Store.
 39839 | Orc:4    | Found Maotraf's Distillery.
 39931 | Orc:4    | Bought a scroll of acquirement for 780 gold pieces
 39948 | Orc:4    | Bought a scroll of identify for 28 gold pieces
 39948 | Orc:4    | Bought a scroll of identify for 28 gold pieces
 39954 | Orc:4    | Bought a scroll of blinking for 112 gold pieces
 39954 | Orc:4    | Bought a scroll of magic mapping for 52 gold pieces
 39956 | Orc:4    | Bought a scroll of identify for 30 gold pieces
 40508 | D:13     | Found a gate to the Vaults.
 40870 | D:13     | Found a runed door.
 41165 | D:14     | Noticed Roxanne
 41253 | D:14     | Reached XP level 17. HP: 133/133 MP: 27/27
 41386 | D:14     | Noticed Frances
 41392 | D:14     | Noticed Rupert
 41454 | D:14     | Killed Rupert
 41568 | D:14     | Killed Frances
 41699 | D:14     | Noticed Sonja
 41705 | D:14     | Killed Sonja
 41813 | D:14     | Noticed Maud
 41829 | D:14     | Killed Maud
 41829 | D:14     | Reached skill level 15 in Unarmed Combat
 42419 | D:14     | Killed from afar by Roxanne

Vault maps used:
D:1:      roderic_crossed_star
D:2:      nicolae_ru_great_annihilating_truth, first_bread
D:3:      ecumenical_altar_1, nemelex_diamond_rough_becter
D:4:      bloody_trog, uniq_sigmund
D:5:      xom_confusion_cloud, grunt_temple_overflow_open,
          minmay_temple_entry_overgrown
D:6:      lemuel_crystal_altar, serial_shops, shop_statue,
          nicolae_shop_competitors_out_of_business
D:7:      black_bear_nest_2, nicolae_gozag_seed_capital, uniq_duvessa
D:8:      lemuel_round_altar, enter_ossuary_3, hangedman_pestilent_swarm
D:9:      minmay_misc_feat_columns, uniq_erolcha
D:10:     david_orc_4, uniq_erica
D:11:     erik_lair_island, serial_shops, shop, uniq_psyche, uniq_grum,
          uniq_harold
D:13:     david_vaults_1, minmay_crystal_box
D:14:     wad_woods_minihive, serial_bayou_pond_d, uniq_roxanne, uniq_frances,
          uniq_rupert, uniq_maud, uniq_sonja
Temple:   circular_temple_12
Lair:2:   zaba_anthell
Lair:4:   shoals_dummy_entry, portal_ice_cave_entry_pillars_01, st_stairs_3
Lair:5:   beast_lair_carwin_large_3, minmay_stone_trees_small, st_stairs_3,
          grunt_forest_small_clearings, grunt_megastairs_1
Lair:6:   boulder_dual_corridor_run, minmay_snake_entry_six_corridors,
          lookout_lair_type, serial_bayou_pond_e, beast_lair_carwin_8
Lair:7:   slime_altar_1, infiniplex_staircase_pool
Lair:8:   minmay_lair_end_frog_pond, minivault_19
Orc:2:    enter_bailey_2, nicolae_orc_lost_temple
Orc:3:    serial_shops, shop_fountains, basic_altar, nicolae_orc_pool_cavern,
          uniq_snorg
Orc:4:    st_orc_mages, basic_altar, nicolae_volcano_entry_hallway,
          serial_shops, bzr_entry_road
Bazaar:   bazaar_minmay_generic_island
Ossuary:  ossuary_tomb_3
Bailey:   bailey_axe_1, bailey
Volcano:  volcano_pools

Action                   |  1- 3 |  4- 6 |  7- 9 | 10-12 | 13-15 | 16-18 || total
-------------------------+-------+-------+-------+-------+-------+-------++-------
Melee: Spear             |    67 |    52 |       |       |       |       ||   119
       Unarmed           |       |   264 |   433 |  1166 |  1427 |  1720 ||  5010
 Fire: Blowgun           |       |       |    24 |   237 |   346 |    77 ||   684
Throw: Javelin           |       |       |     3 |       |    10 |     2 ||    15
       Throwing net      |       |       |       |     4 |    14 |       ||    18
Invok: Lesser Servant of |       |       |       |       |     3 |       ||     3
       Greater Servant o |       |       |       |       |     8 |    11 ||    19
Evoke: Wand              |       |       |       |     1 |    23 |     8 ||    32
  Use: Scroll            |       |     3 |    15 |     9 |     8 |     9 ||    44
       Potion            |       |     4 |     2 |     7 |     4 |     1 ||    18
 Stab: Invisible         |     2 |     1 |       |       |       |       ||     3
       Paralysed         |     2 |       |       |       |       |       ||     2
       Held in net/web   |       |       |       |     3 |     9 |       ||    12
       Distracted        |       |       |       |     2 |     7 |     5 ||    14
  Eat: Chunk             |       |     7 |    16 |    27 |    22 |    33 ||   105
       Beef jerky        |       |       |     1 |       |    10 |     3 ||    14
       Pizza             |       |       |     1 |       |       |       ||     1
       Meat ration       |       |       |       |     2 |       |       ||     2
       Fruit             |       |       |       |       |       |    12 ||    12
